 Dungeon Crawl Stone Soup version 0.29.1-15-g9cfb28693d (webtiles) character file.

Game seed: 1679556717179948126

17022 DemonSlayer the Thaumaturge (level 12, 0/79 (80) HPs)
             Began as a Demonspawn Earth Elementalist on Mar 11, 2023.
             Was a High Priest of Dithmenos.
             Slain by a sixfirhy (12 damage)
             ... summoned by Frances
             ... on level 13 of the Dungeon.
             The game lasted 00:29:30 (14215 turns).

DemonSlayer the Thaumaturge (DsEE)                 Turns: 14215, Time: 00:29:30

HP:   0/79 (80)     AC: 12    Str:  8    XL:     12   Next: 15%
MP:   8/35          EV: 13    Int: 20    God:    Dithmenos [*****.]
Gold: 906           SH:  5    Dex: 19    Spells: 11/31 levels left

rFire   + . .      SeeInvis .   b - +4 quick blade of Winter {flame, Fly rF+ Int+3}
rCold   . . .      Faith    .   g - +0 buckler
rNeg    . . .      Spirit   .   A - +0 troll leather armour
rPois   .          Reflect  .   (helmet restricted)
rElec   .          Harm     .   x - +2 cloak {Stlth+}
rCorr   .          Rampage  .   y - +0 pair of gloves
Will    .....                   (no boots)
Stlth   ++++++....              (no amulet)
HPRegen 2.03/turn               j - +4 ring of protection
MPRegen 0.24/turn               m - ring of magical power

@: mighty, marked, flying, wreathed by umbra, studying Shields, lightly drained
A: claws 2, hooves 1, horns 1, demonic guardian 2, powered by death 3
a: Renounce Religion, Shadow Step, Shadow Form


You were on level 13 of the Dungeon.
You worshipped Dithmenos.
Dithmenos was extremely pleased with you.
You visited 1 branch of the dungeon, and saw 13 of its levels.
You also visited: Ossuary and Bailey.

You collected 906 gold pieces.

Inventory:

Hand Weapons
 b - the +4 quick blade of Winter (weapon) {flame, Fly rF+ Int+3}
   (You acquired it on level 4 of the Dungeon)

   It burns those it strikes, dealing additional fire damage.
   Int:       It affects your intelligence (+3).
   rF:        It protects you from fire.
   Fly:       It grants you flight.
 z - the +5 executioner's axe of Stickiness {vorpal, rF+ rN+}
   (You found it in a bailey)

   It inflicts extra damage upon your enemies.
   rF:        It protects you from fire.
   rN:        It protects you from negative energy.
Missiles
 i - 2 throwing nets
Armour
 g - a +0 buckler (worn)
 x - a +2 cloak of stealth (worn)
 y - a +0 pair of gloves (worn)
 A - a +0 troll leather armour (worn)
Jewellery
 j - a +4 ring of protection (left hand)
 k - a ring of protection from cold
 m - a ring of magical power (right hand)
 r - a ring of poison resistance
 E - an amulet of guardian spirit
 F - a +6 ring of dexterity
Wands
 f - a wand of roots (2)
 n - a wand of paralysis (9)
 v - a wand of flame (36)
 w - a wand of digging (2)
Scrolls
 a - 3 scrolls of enchant weapon
 d - 2 scrolls of enchant armour
 e - 2 scrolls of vulnerability
 h - a scroll of identify
 o - 3 scrolls of immolation
Potions
 c - 2 potions of flight
 l - a potion of haste {unknown}
 p - a potion of mutation
 s - 2 potions of lignification
 t - 4 potions of cancellation {unknown}
 u - 4 potions of curing
 C - a potion of attraction {unknown}
 D - 2 potions of degeneration {unknown}
Miscellaneous
 B - a lightning rod (4/4)


   Skills:
 + Level 2.6 Fighting
 + Level 3.9 Short Blades
 + Level 2.7 Armour
 + Level 4.5 Dodging
 + Level 5.2 Stealth
 + Level 2.0 Shields
 + Level 10.4 Spellcasting
 + Level 8.7 Conjurations
 + Level 0.8 Transmutations
 + Level 10.4 Earth Magic
 + Level 0.3 Evocations


You had 11 spell levels left.
You knew the following spells:

 Your Spells              Type           Power      Damage    Failure   Level
a - Sandblast             Erth           100%       2d20      1%          1
b - Passwall              Tmut/Erth      26%        N/A       1%          2
c - Stone Arrow           Conj/Erth      96%        3d13      1%          3
d - Petrify               Tmut/Erth      32%        N/A       13%         4
e - Dispel Undead         Necr           10%        3d9       77%         4
f - Dispersal             Tloc           5%         N/A       100%        6

Your spell library contained the following spells:

 Spells                   Type           Power      Damage    Failure   Level
 Static Discharge         Conj/Air       27%        3-7/arc   3%          2
 Sticky Flame             Conj/Fire      27%        2d5       22%         4
 Gell's Gravitas          Tloc           10%        N/A       36%         3
 Teleport Other           Tloc           10%        N/A       36%         3
 Anguish                  Hex/Necr       5%         N/A       77%         4
 Enfeeble                 Hex            5%         N/A       100%        7


Dungeon Overview and Level Annotations

Branches:
Dungeon (14/15)            Temple (0/1) D:5         Ossuary (visited)
 Bailey (visited)
   Lair: D:8-11         Orc: D:9-12      Vaults: D:13-14

Altars:
Ashenzari
Cheibriados
Dithmenos
Fedhas
Kikubaaqudgha
Makhleb
Nemelex Xobeh
Qazlal
Vehumet

Shops:
D:2 :

Annotations:
D:11 1 transporter
D:13 Frances


Innate Abilities, Weirdness & Mutations

You have very sharp fingernails.
You have large cloven feet.
You have a pair of small horns on your head.
A demonic guardian rushes to your aid.
You regenerate a lot of health from kills.


Message History

The sixfirhy hits you but does no damage.
The sixfirhy hits you.
* * * LOW HITPOINT WARNING * * *
A demonic guardian appears!
The sixfirhy shocks you!
* * * LOW HITPOINT WARNING * * *
A centaur warrior comes into view.
You feel better.
The centaur warrior wields a +0 shortbow.
The centaur warrior shoots an arrow.
You block the arrow.
Frances hits your rust devil with a +0 halberd!
The sixfirhy hits you but does no damage.
The sixfirhy hits you but does no damage.
The sixfirhy hits you. The sixfirhy shocks you!
* * * LOW HITPOINT WARNING * * *
The centaur warrior unwields a +0 shortbow.
The centaur warrior closely misses you. You block the centaur warrior's attack.
You block the sixfirhy's attack. The centaur warrior hits you.
* * * LOW HITPOINT WARNING * * *
A demonic guardian appears!
The centaur warrior barely misses you.
You feel better.
The sixfirhy hits you but does no damage.
The centaur warrior hits you but does no damage.
The centaur warrior kicks you but does no damage.
Your ice devil completely misses the sixfirhy.
Your rust devil hits the sixfirhy.
Your rust devil corrodes the sixfirhy!
Unknown command.
You feel very mighty all of a sudden.
Frances hits you from afar with a +0 halberd!
* * * LOW HITPOINT WARNING * * *
The centaur warrior closely misses you. The centaur warrior barely misses you.
Frances mutters a nigh-unspeakable word.
Frances screams a word of power!
The centaur warrior barely misses you. The centaur warrior closely misses you.
Your ice devil closely misses the sixfirhy.
Your rust devil hits the sixfirhy.
The sixfirhy seems to be corroded for longer.
The sixfirhy hits you!
* * * LOW HITPOINT WARNING * * *
A demonic guardian appears!
The sixfirhy shocks you!
You die...

###............))...#
######......@.))..# #
###...#####..#
..###...## ##...#
.....## ##....##
#...## ##......#
###..###3......#
#3c#..K.......#
#@3@4........#
#..4.4........#
#.............#
#..............
..............
##.####.###### ### ##


You could see Frances (fast), a centaur warrior (ally target), a rust devil
(summoned), a sixfirhy (summoned, corroded, ally target), a neqoxec (summoned),
a kobold, a friendly ice devil (summoned), a friendly rust devil (summoned) and
a friendly smoke demon (summoned).

Vanquished Creatures
  A boulder beetle (D:7)
  Erica (D:8)
  3 centaur warriors
  2 two-headed ogres
  A wolf spider (D:10)
  Pikel (D:7)
  Joseph (D:8)
  Maggie (D:8)
  An unseen horror (D:13)
  A komodo dragon (D:10)
  2 kobold demonologists (D:13)
  3 trolls
  A hornet (D:10)
  A polar bear (shapeshifter) (D:13)
  Grinder (D:6)
  3 slime creatures (D:14)
  Prince Ribbit (D:7)
  2 shadows
  A wyvern (D:10)
  5 yaks (D:10)
  2 basilisks
  A steam dragon (D:8)
  3 black bears (D:6)
  12 orc warriors
  2 ice beasts (D:7)
  3 ogres
  15 centaurs
  A lemure (D:7)
  A phantom (D:6)
  4 kobold brigands
  3 gnoll sergeants
  2 bullfrogs
  2 necrophages
  3 scorpions
  3 wights (D:7)
  7 killer bees
  2 jellies (D:5)
  A gnoll bouda (D:8)
  Crazy Yiuf (D:4)
  4 hounds
  2 orc priests
  9 orc wizards
  4 human skeletons (D:8)
  8 mummies (Ossuary)
  16 gnolls
  6 adders
  3 shadow imps
  3 white imps
  2 ufetubi
  2 worms (D:2)
  2 dart slugs (D:4)
  39 orcs
  7 endoplasms
  4 giant cockroaches
  5 goblins
  9 hobgoblins
  4 jackals (D:1)
  2 quokkas
  4 ball pythons
  3 bats
  3 frilled lizards
  A gnoll zombie (Ossuary)
  3 hobgoblin zombies (Ossuary)
  19 kobolds
  A kobold zombie (Ossuary)
  An orc skeleton (D:8)
  4 orc zombies
  3 rats
274 creatures vanquished.

Vanquished Creatures (collateral kills)
  A deep elf pyromancer (D:14)
  A cyclops (D:13)
  An efreet (D:13)
  A slime creature (D:14)
  A centaur (D:14)
  Ijyb (D:5)
  2 orcs
8 creatures vanquished.

Vanquished Creatures (others)
  2 plants (D:4)
2 creatures vanquished.

Grand Total: 284 creatures vanquished

Notes
Turn   | Place    | Note
-------+----------+-------------------------------------------
     0 | D:1      | DemonSlayer the Demonspawn Earth Elementalist began the
                  | quest for the Orb.
     0 | D:1      | Reached XP level 1. HP: 13/13 MP: 3/3
   449 | D:2      | Found Xesun's Book Shop.
   452 | D:2      | Gained mutation: A weak demonic guardian rushes to your
                  | aid. [demonic ancestry]
   452 | D:2      | Reached XP level 2. HP: 19/19 MP: 0/5
   822 | D:2      | Found a faded altar of an unknown god.
  1073 | D:2      | Discovered your monstrous ancestry.
  1073 | D:2      | Gained mutation: You have sharp fingernails. [demonic
                  | ancestry]
  1073 | D:2      | Reached XP level 3. HP: 15/24 MP: 2/6
  1330 | D:2      | Found a broken altar of Ashenzari.
  1934 | D:1      | Learned a level 2 spell: Passwall
  1938 | D:1      | Learned a level 3 spell: Stone Arrow
  2207 | D:3      | Gained mutation: You regenerate a little health from kills.
                  | [demonic ancestry]
  2207 | D:3      | Reached XP level 4. HP: 30/30 MP: 5/8
  3030 | D:4      | Found a shadowy altar of Dithmenos.
  3032 | D:4      | Noticed a scorpion
  3038 | D:4      | Killed a scorpion
  3039 | D:4      | Gained mutation: You have large cloven feet. [demonic
                  | ancestry]
  3039 | D:4      | Reached XP level 5. HP: 20/35 MP: 9/9
  3243 | D:4      | Became a worshipper of Dithmenos the Shadowed
  3590 | D:4      | Found a blossoming altar of Fedhas.
  3688 | D:4      | Found a runed translucent door.
  3689 | D:4      | Noticed Crazy Yiuf
  3931 | D:5      | Entered Level 5 of the Dungeon
  4042 | D:5      | Reached XP level 6. HP: 42/42 MP: 11/11
  4109 | D:5      | Noticed Ijyb
  4130 | D:5      | Killed Ijyb
  4567 | D:5      | Found a staircase to the Ecumenical Temple.
  4577 | D:5      | Reached skill level 1 in Short Blades
  4642 | D:5      | Gained mutation: You have very sharp fingernails. [demonic
                  | ancestry]
  4642 | D:5      | Reached XP level 7. HP: 47/47 MP: 14/14
  4645 | D:5      | Reached skill level 5 in Earth Magic
  4852 | D:5      | Found a stormy altar of Qazlal.
  4852 | D:5      | Found a sparkling altar of Nemelex Xobeh.
  4852 | D:5      | Found an ancient bone altar of Kikubaaqudgha.
  4852 | D:5      | Found a burning altar of Makhleb.
  4863 | D:5      | Found a radiant altar of Vehumet.
  4863 | D:5      | Found a snail-covered altar of Cheibriados.
  5017 | D:5      | Reached skill level 5 in Spellcasting
  5023 | D:5      | HP: 2/47 [poisoned by a scorpion]
  5664 | D:5      | Learned a level 4 spell: Petrify
  5856 | D:6      | Reached * piety under Dithmenos
  5857 | D:6      | Reached skill level 1 in Fighting
  5943 | D:6      | Reached XP level 8. HP: 40/54 MP: 16/16
  5947 | D:6      | Noticed Grinder
  5965 | D:6      | Killed Grinder
  6347 | D:6      | Reached skill level 1 in Conjurations
  6823 | D:4      | Killed Crazy Yiuf
  7140 | D:4      | Identified a scroll of acquirement
  7140 | D:4      | Acquired the +4 quick blade of Winter {flame, Fly rF+
                  | Int+3}
  7344 | D:7      | Noticed Prince Ribbit
  7353 | D:7      | Killed Prince Ribbit
  7354 | D:7      | Gained mutation: A demonic guardian rushes to your aid.
                  | [demonic ancestry]
  7354 | D:7      | Reached XP level 9. HP: 59/59 MP: 19/19
  7680 | D:7      | Noticed Pikel
  7696 | D:7      | Killed Pikel
  8106 | D:7      | Noticed a boulder beetle
  8119 | D:7      | Killed a boulder beetle
  8119 | D:7      | Reached ** piety under Dithmenos
  8752 | D:7      | Learned a level 4 spell: Dispel Undead
  8850 | D:8      | Noticed Erica
  8881 | D:8      | Noticed Joseph
  8924 | D:8      | Killed Joseph
  8925 | D:8      | Gained mutation: You regenerate health from kills. [demonic
                  | ancestry]
  8925 | D:8      | Reached XP level 10. HP: 42/67 MP: 3/22
  8997 | D:8      | Killed Erica
  8998 | D:8      | Reached skill level 5 in Conjurations
  9408 | D:8      | Found a sand-covered staircase.
  9418 | Ossuary  | Entered an ossuary
  9523 | Ossuary  | Reached *** piety under Dithmenos
  9885 | D:8      | Noticed Maggie
  9894 | D:8      | Killed Maggie
 10453 | D:8      | Learned a level 6 spell: Dispersal
 10671 | D:9      | Noticed a two-headed ogre
 10678 | D:9      | Killed a two-headed ogre
 10679 | D:9      | Reached skill level 1 in Armour
 10699 | D:10     | Entered Level 10 of the Dungeon
 10848 | D:10     | Found a flagged portal.
 10857 | Bailey   | Entered a bailey
 10867 | Bailey   | Reached skill level 5 in Stealth
 10891 | Bailey   | Reached **** piety under Dithmenos
 11458 | Bailey   | Gained mutation: You regenerate a lot of health from kills.
                  | [demonic ancestry]
 11458 | Bailey   | Reached XP level 11. HP: 66/72 MP: 18/24
 11919 | Bailey   | Identified the +5 executioner's axe of Stickiness {vorpal,
                  | rF+ rN+}
 12852 | D:10     | Noticed a wolf spider
 12852 | D:10     | Noticed a centaur warrior
 12861 | D:10     | Killed a wolf spider
 12865 | D:10     | Killed a centaur warrior
 12866 | D:10     | Reached skill level 1 in Shields
 13035 | D:10     | Noticed a centaur warrior
 13036 | D:10     | Noticed a two-headed ogre
 13046 | D:10     | Killed a two-headed ogre
 13060 | D:10     | Killed a centaur warrior
 13061 | D:10     | Reached skill level 10 in Spellcasting
 13701 | D:11     | Found a transporter.
 13702 | D:11     | Noticed a seven-headed hydra
 13712 | D:11     | You are sucked into a shaft and drop 3 floors!
 13714 | D:14     | Noticed a deep elf pyromancer
 13736 | D:14     | Noticed a centaur warrior
 13745 | D:14     | Killed a deep elf pyromancer
 13746 | D:14     | Reached skill level 10 in Earth Magic
 13749 | D:14     | Killed a centaur warrior
 13807 | D:14     | Reached ***** piety under Dithmenos
 14010 | D:14     | Noticed a skeletal warrior
 14011 | D:14     | Noticed a skeletal warrior
 14013 | D:14     | Noticed a skeletal warrior
 14111 | D:13     | Gained mutation: You have a pair of small horns on your
                  | head. [demonic ancestry]
 14111 | D:13     | Reached XP level 12. HP: 68/80 MP: 26/26
 14197 | D:13     | Noticed Frances
 14210 | D:13     | Noticed a centaur warrior
 14215 | D:13     | Slain by a sixfirhy

Illustrated notes

Levels and vault maps discovered:
D:1:      lemuel_arrival_cross, layout_rooms
D:2:      layout_basic, basic_altar, serial_shops,
          nicolae_shop_temple_entry_statues_fountains,
          dreamdust_ecumenical_altar_angels_and_demons
D:3:      layout_loops_ring
D:4:      layout_rooms, mainiacjoe_overflow_paths,
          mainiacjoe_overflow_boulevard, roderic_serpentine_path,
          serial_bayou_pond_a, uniq_crazy_yiuf_cottage
D:5:      layout_rooms, minmay_overflow_temple_hex,
          minmay_temple_entry_large_hall, uniq_ijyb
D:6:      layout_rooms, minmay_checkerbox, uniq_grinder
D:7:      layout_basic, nicolae_hexahallways, uniq_pikel, uniq_prince_ribbit1
D:8:      layout_rooms, nicolae_ossuary_entry_catacombs,
          kennysheep_decorative_pillar, nicolae_titane, uniq_maggie,
          uniq_joseph, uniq_erica
D:9:      lemuel_ice_spiral_2, layout_basic
D:10:     minmay_slanted_spiral_squares, layout_basic, enter_bailey_2,
          minmay_liquid_box
D:11:     layout_rooms, lair_entry_dummy, orc_0_dummy,
          gammafunk_ghost_berserking_beasts, corexii_hall_statues_u,
          hangedman_decor_push
D:13:     layout_cave_pods, lightli_vaults_fourway_checkpoint, uniq_frances
D:14:     layout_loops_ring, serial_glass, glass_columns_a, glass_columns_c,
          due_unseen_surprise, minmay_strange_pillars

Skill      XL: |  1  2  3  4  5  6  7  8  9 10 11 |
---------------+----------------------------------+-----
Dodging        | 2 3 4 |  4.5
Earth Magic    | 3 4 6 7 8 10 | 10.4
Spellcasting   | 3 4 5 6 8 9 10 | 10.4
Stealth        | 2 3 4 5 |  5.2
Short Blades   | 1 2 3 |  3.9
Fighting       | 1 2 |  2.6
Conjurations   | 2 4 6 8 |  8.7
Armour         | 1 2 |  2.7
Shields        | 2 |  2.0
Transmutations | |  0.8
Evocations     | |  0.3

Action                   |  1- 3 |  4- 6 |  7- 9 | 10-12 || total
-------------------------+-------+-------+-------+-------++-------
Melee: Dagger            |     9 |       |       |       ||     9
       Rapier            |    22 |    20 |    21 |       ||    63
       Punch             |     1 |       |       |       ||     1
       Kick              |       |     5 |    10 |    44 ||    59
       Quick blade       |       |       |    29 |   115 ||   144
       Headbutt          |       |       |       |     8 ||     8
Throw: Throwing net      |       |       |       |     2 ||     2
 Cast: Sandblast         |    58 |    73 |    34 |       ||   165
       Stone Arrow       |       |       |   106 |   240 ||   346
Evoke: Wand              |       |       |       |     4 ||     4
  Use: Scroll            |       |     4 |    10 |     6 ||    20
       Potion            |       |     1 |     2 |     9 ||    12
 Stab: Sleeping          |     2 |     1 |     4 |     7 ||    14
       Invisible         |       |       |     2 |       ||     2
       Distracted        |       |       |       |     1 ||     1
Armor: Robe              |    14 |    22 |    35 |     1 ||    72
       Troll leather arm |       |       |       |    80 ||    80
Dodge: Dodged            |    47 |    37 |    78 |   171 ||   333
Block: Buckler           |       |       |     6 |    34 ||    40
